 Dungeon Crawl Stone Soup version 0.22-a0-322-g60b3cfd (webtiles) character file.

142586 kidcy the Bludgeoner (level 16, -3/134 HPs)
             Began as a Demonspawn Fighter on Apr 2, 2018.
             Was the Champion of Okawaru.
             Slain by Donald
             ... wielding a +3 scimitar of slicing
              (4 damage)
             ... on level 4 of the Swamp.
             The game lasted 01:14:08 (37628 turns).

kidcy the Bludgeoner (Demonspawn Fighter)          Turns: 37628, Time: 01:14:10

Health: -3/134     AC: 29    Str: 17    XL:     16   Next: 80%
Magic:  0/22       EV: 13    Int: 12    God:    Okawaru [******]
Gold:   1032       SH:  0    Dex: 17    Spells: 15/15 levels left

rFire    + + .     SeeInvis .   l - +3 dire flail (drain)
rCold    + + .     Gourm    .   (shield currently unavailable)
rNeg     . . .     Faith    .   q - +2 plate armour {MR+}
rPois    +         Spirit   +   G - +2 hat {Int+3}
rElec    .         Reflect  .   Q - scarf {Spirit}
rCorr    .         Harm     .   P - +1 pair of gloves of the Comet {rC++}
MR       ++...                  c - +0 pair of boots of Mezcal {rF+ Str-5 Dex+2}
Stlth    ..........             s - amulet of regeneration
HPRegen  0.72/turn              E - ring of poison resistance
MPRegen  0.18/turn              B - +3 ring of protection

@: confused, heroism, finesse, very slow
A: talons 2, large bone plates 3, fire resistance 1, ignite blood, nightstalker
1, flame cloud immunity
a: Heroism, Finesse, Renounce Religion


You were on level 4 of the Swamp.
You worshipped Okawaru.
Okawaru was exalted by your worship.
You were not hungry.

You visited 5 branches of the dungeon, and saw 28 of its levels.
You also visited: Sewer.

You collected 2179 gold pieces.
You spent 1147 gold pieces at shops.

Inventory:

Hand Weapons
 l - a +3 dire flail of draining (weapon)
 A - a +0 great mace of freezing
 O - a +2 eveningstar of holy wrath
Missiles
 U - a throwing net (quivered)
Armour
 c - the +0 pair of boots of Mezcal (worn) {rF+ Str-5 Dex+2}
   (Okawaru gifted it to you on level 10 of the Dungeon)

   It affects your strength (-5).
   It affects your dexterity (+2).
   It protects you from fire.
 q - a +2 plate armour of magic resistance (worn)
 G - a +2 hat of intelligence (worn)
 P - the +1 pair of gloves of the Comet (worn) {rC++}
   (Okawaru gifted it to you on level 2 of the Lair of Beasts)

   It greatly protects you from cold.
 Q - a scarf of spirit shield (worn)
Jewellery
 e - an uncursed ring of protection from cold
 s - an amulet of regeneration (around neck)
 B - a +3 ring of protection (right hand)
 E - a ring of poison resistance (left hand)
 T - an uncursed ring of ice
 W - an uncursed ring of see invisible
 X - a +5 ring of dexterity
 Z - an uncursed ring of flight
Wands
 a - a wand of polymorph (22)
 b - a wand of scattershot (1)
 x - a wand of enslavement (17)
 C - a wand of paralysis (14)
 D - a wand of flame (28)
 F - a wand of iceblast (5)
 M - a wand of random effects (45)
Scrolls
 d - 3 scrolls of teleportation
 k - 10 scrolls of remove curse
 o - 2 scrolls of magic mapping
 w - 3 scrolls of identify
 y - a scroll of enchant armour
 z - 5 scrolls of fog
 H - 6 scrolls of amnesia
Potions
 g - 6 potions of flight
 h - 5 potions of agility
 i - 4 potions of lignification
 j - 3 potions of might
 m - 2 potions of ambrosia
 p - a potion of magic
 r - a potion of resistance
 t - 2 potions of berserk rage
 u - a potion of invisibility {unknown}
 v - 6 potions of brilliance
 J - 3 potions of mutation
 L - 2 potions of haste
Miscellaneous
 n - a lightning rod (4/4)
 I - a fan of gales
 K - a lamp of fire
 N - a phial of floods (inert)
Comestibles
 f - 30 rations


   Skills:
 + Level 14.5(19.5) Fighting
 * Level 17.9(22.9) Maces & Flails
 - Level 12.5(17.5) Armour
 * Level 7.9(12.9) Dodging
   Level 5.7(10.7) Shields
 - Level 9.0 Invocations


You had 15 spell levels left.
You didn't know any spells.

Dungeon Overview and Level Annotations

Branches:
Dungeon (15/15)            Temple (1/1) D:5            Lair (6/6) D:10
  Swamp (4/4) Lair:2        Snake (0/4) Lair:3        Slime (0/5) Lair:5
    Orc (2/2) D:10            Elf (0/3) Orc:2        Vaults (0/5) D:14
 Depths: D:15

Altars:
Ashenzari
Cheibriados
Dithmenos
Elyvilon
Fedhas
Gozag
Hepliaklqana
Kikubaaqudgha
Makhleb
Nemelex Xobeh
Okawaru
Qazlal
Ru
Sif Muna
Trog
Uskayaw
Vehumet
Wu Jian
Xom
Yredelemnul
Zin
The Shining One
Beogh

Shops:
D:5 *%   D:7 =(   Orc:2 ?*}%

Annotations:
Swamp:4 Donald
Orc:2 exclusion: downstairs


Innate Abilities, Weirdness & Mutations

You have razor-sharp toenails.
You are completely covered in large bone plates. (SH +8)
Your flesh is heat resistant. (rF+)
Your demonic aura causes spilled blood to erupt in flames.
You are slightly more attuned to the shadows.
You are immune to clouds of flame.


Message History

Your unstable footing causes you to fumble your attack.
You are confused.
You feel invigorated.
Donald hits you with a scimitar of slicing!
* * * LOW HITPOINT WARNING * * *
x2 Donald blocks your attack.
Donald is almost dead.
Donald completely misses you.
Your unstable footing causes you to fumble your attack.
You bump into the tree.
Donald hits you with a scimitar of slicing!
* * * LOW HITPOINT WARNING * * *
x2 You bump into the tree.
Donald hits you with a scimitar of slicing!
* * * LOW HITPOINT WARNING * * *
x2 Donald barely misses you.
You're too confused to move!
Donald hits you with a scimitar of slicing!!
* * * LOW HITPOINT WARNING * * *
You die...

♣.≈≈≈≈§≈.♣♣ ♣..≈.≈≈≈≈≈≈.≈≈≈♣♣
♣≈≈≈≈≈≈≈.≈♣ ♣.≈♣.≈≈≈≈♣♣≈≈≈.♣
♣.≈≈§≈≈≈≈.♣♣♣♣♣♣.≈≈≈.♣♣♣≈≈≈≈♣
♣.≈≈≈≈≈≈≈..♣♣.≈≈.♣♣♣♣♣ ♣.§.♣♣
♣.≈≈.♣...≈≈.≈≈≈≈.♣ ♣!≈.≈♣
♣♣.....≈≈≈≈.§≈≈≈.♣ ♣≈.≈≈.♣
♣♣≈≈.....≈≈≈≈≈≈.♣ .≈♣!≈≈≈≈<♣
♣≈....♣.≈§.≈≈§§♣ ♣≈≈.§..≈≈≈.♣
♣≈≈≈≈≈♣.≈≈♣♣.@♣♣♣♣.≈)..<
♣♣≈≈≈.♣.≈.♣♣♣♣@.≈≈.....♣
♣♣♣♣♣♣♣♣♣♣♣♣.≈≈≈§≈≈≈.§♣♣♣
♣♣≈...≈≈≈≈≈≈.♣≈♣
♣...†.≈≈≈≈≈≈w≈♣♣
.≈..≈≈≈...≈≈≈≈§≈≈♣
≈≈≈≈≈≈.≈≈≈≈≈≈≈♣.≈.♣
≈≈≈..≈.§≈≈≈.≈.♣≈≈≈f♣
≈....≈..≈≈≈...♣≈≈.≈..


You could see Donald.

Vanquished Creatures
  Gastronok (Lair:2)
  A thorn hunter (Swamp:2)
  The ghost of grizmgrazm2 the Bludgeoner, an adept GrFi of Qazlal (Orc:1)
  An orc warlord (Orc:2)
  Aizul (Swamp:3)
  Louise (Swamp:3)
  A stone giant (Orc:2)
  The ghost of Fingolfin the Thrower, a journeyman TrHu of Okawaru (D:10)
  Snorg (Lair:3)
  A rakshasa (D:14)
  7 vault guards (D:14)
  Harold (Lair:2)
  2 ghost crabs (Swamp:2)
  11 hydras
  6 centaur warriors
  15 alligators
  A death knight (D:11)
  12 two-headed ogres
  A queen ant (Lair:2)
  7 death yaks
  8 spriggans
  4 orc high priests (Orc:2)
  2 skeletal warriors (D:11)
  An unseen horror (D:14)
  A spriggan druid (Swamp:1)
  7 swamp dragons
  2 shambling mangroves
  4 orc knights (Orc:2)
  6 orc sorcerers (Orc:2)
  A deep elf mage (D:12)
  4 ugly things
  2 cyclopes
  2 manticores (D:11)
  A black mamba (shapeshifter) (D:15)
  3 elephants (Lair:6)
  2 torpor snails (Lair:6)
  The ghost of kidcy the Skirmisher, a novice DsFi (D:4)
  39 spiny frogs
  3 gargoyles
  A rime drake (Lair:6)
  A centaur skeleton (D:14)
  11 komodo dragons
  A freezing wraith (D:11)
  5 trolls
  A polar bear (Lair:6)
  A queen bee (D:9)
  15 blink frogs
  14 hornets
  6 bog bodies
  11 tyrant leeches
  12 hippogriffs
  23 slime creatures
  6 dream sheep (Lair:5)
  A meliai zombie (D:12)
  5 shadows
  25 yaks
  4 wraiths
  A vampire (D:8)
  2 basilisks
  8 wyverns
  3 hungry ghosts
  25 vampire mosquitoes
  Menkaure (D:7)
  3 nagas (Lair:3)
  5 wargs
  18 swamp worms
  A harpy simulacrum (D:13)
  6 soldier ants (Lair:2)
  10 porcupines
  6 swamp drakes
  8 water moccasins
  2 black bears
  42 orc warriors
  3 sky beasts
  A hornet zombie (D:13)
  4 phantoms
  An eye of draining (D:13)
  6 ice beasts
  A necrophage (D:13)
  15 ogres
  32 wolves
  5 centaurs
  8 crocodiles
  27 bullfrogs
  A gnoll sergeant (D:9)
  A wyvern zombie (D:14)
  A hornet simulacrum (D:14)
  4 scorpions
  28 killer bees
  7 wights
  7 howler monkeys
  An electric eel (Lair:2)
  5 crimson imps
  4 centaur zombies
  4 bullfrog zombies
  7 hounds
  5 jellies
  3 bullfrog skeletons
  23 orc priests
  29 orc wizards
  Crazy Yiuf (D:3)
  3 iguanas
  27 worker ants
  2 killer bee zombies
  A hound zombie (D:10)
  Robin (D:4)
  A howler monkey skeleton (D:4)
  8 adders
  8 gnolls
  2 river rats (D:3)
  5 shadow imps
  8 oozes
  9 worms
  2 dart slugs
  9 leopard geckos
  97 orcs
  2 ball pythons
  9 giant cockroaches
  13 goblins
  9 hobgoblins
  15 jackals
  7 kobolds
  5 quokkas
  18 bats
  8 frilled lizards
  A giant cockroach zombie (D:6)
  11 rats
  2 briar patches (Swamp:2)
  A fungus (D:3)
  5 plants
973 creatures vanquished.

Vanquished Creatures (collateral kills)
  A vampire mosquito (Swamp:2)
1 creature vanquished.

Vanquished Creatures (others)
  A hydra (Swamp:2)
  A spriggan druid (Swamp:4)
  2 briar patches (Swamp:2)
  16 fungi
  26 plants
46 creatures vanquished.

Grand Total: 1020 creatures vanquished

Notes
Turn   | Place    | Note
-------+----------+-------------------------------------------
     0 | D:1      | kidcy the Demonspawn Fighter began the quest for the Orb.
     0 | D:1      | Reached XP level 1. HP: 18/18 MP: 1/1
    29 | D:1      | Reached skill level 2 in Maces & Flails
   182 | D:1      | Gained mutation: Your flesh is heat resistant. (rF+) [demonic ancestry]
   182 | D:1      | Reached XP level 2. HP: 24/24 MP: 2/2
   703 | D:1      | Reached XP level 3. HP: 29/29 MP: 3/3
  1462 | D:2      | Found a stormy altar of Qazlal.
  2141 | D:3      | Gained mutation: You are immune to clouds of flame. [demonic ancestry]
  2141 | D:3      | Reached XP level 4. HP: 34/35 MP: 4/4
  2194 | D:3      | Found a glowing drain.
  2241 | Sewer    | Entered a sewer
  2504 | Sewer    | Reached skill level 3 in Maces & Flails
  3167 | Sewer    | Gained mutation: You are partially covered in large bone plates. (SH +4) [demonic ancestry]
  3167 | Sewer    | Reached XP level 5. HP: 28/42 MP: 5/5
  4283 | D:3      | Found a runed door.
  4287 | D:3      | Noticed Crazy Yiuf
  4292 | D:3      | Killed Crazy Yiuf
  4523 | D:4      | Gained mutation: Your demonic aura causes spilled blood to erupt in flames. [demonic ancestry]
  4523 | D:4      | Reached XP level 6. HP: 45/48 MP: 6/6
  4578 | D:4      | Noticed Robin
  4631 | D:4      | Killed Robin
  4672 | D:4      | Noticed kidcy's ghost (novice DsFi)
  4682 | D:4      | Killed kidcy's ghost
  4682 | D:4      | Reached skill level 4 in Maces & Flails
  4682 | D:4      | Reached XP level 7. HP: 24/55 MP: 7/7
  5507 | D:4      | Reached skill level 5 in Maces & Flails
  5886 | D:5      | Entered Level 5 of the Dungeon
  6299 | D:5      | Found Suyxeng's Food Shop.
  6328 | D:5      | Reached skill level 5 in Fighting
  6419 | D:5      | Found a staircase to the Ecumenical Temple.
  6438 | D:5      | Found a sacrificial altar of Ru.
  6438 | D:5      | Found a burning altar of Makhleb.
  6439 | D:5      | Found a hazy altar of Hepliaklqana.
  6466 | D:5      | Reached XP level 8. HP: 56/62 MP: 8/8
  6485 | Temple   | Entered the Ecumenical Temple
  6493 | Temple   | Became a worshipper of Warmaster Okawaru
  6576 | D:5      | Found Okentamp's General Store.
  6615 | D:5      | Found an opulent altar of Gozag.
  6952 | D:6      | Reached skill level 6 in Maces & Flails
  7077 | D:6      | Reached skill level 5 in Armour
  7077 | D:6      | Reached skill level 5 in Shields
  7384 | D:6      | Reached * piety under Okawaru
  8032 | D:7      | Noticed a two-headed ogre
  8079 | D:7      | Killed a two-headed ogre
  8079 | D:7      | Reached ** piety under Okawaru
  8079 | D:7      | Reached skill level 7 in Maces & Flails
  8079 | D:7      | Gained mutation: You are mostly covered in large bone plates. (SH +6) [demonic ancestry]
  8079 | D:7      | Reached XP level 9. HP: 43/70 MP: 9/9
  8251 | D:7      | Found an iron altar of Okawaru.
  8357 | D:7      | Found a snail-covered altar of Cheibriados.
  8358 | D:7      | Found a glowing golden altar of the Shining One.
  8475 | D:7      | Found Suiriwu's Jewellery Shoppe.
  8478 | D:7      | Bought an uncursed ring of poison resistance for 260 gold pieces
  8511 | D:7      | Found Awidgh's Weapon Boutique.
  8672 | D:7      | Noticed Menkaure
  8680 | D:7      | Killed Menkaure
  9058 | D:8      | Reached skill level 8 in Maces & Flails
  9186 | D:8      | Noticed a two-headed ogre
  9190 | D:8      | Killed a two-headed ogre
  9190 | D:8      | Reached *** piety under Okawaru
  9473 | D:8      | Noticed a two-headed ogre
  9479 | D:8      | Killed a two-headed ogre
  9479 | D:8      | Reached **** piety under Okawaru
  9479 | D:8      | Reached skill level 9 in Maces & Flails
  9479 | D:8      | Reached XP level 10. HP: 79/79 MP: 10/10
  9583 | D:8      | Got a crystal whip
  9584 | D:8      | Identified the +9 whip of World Downfall {drain, *Slow rF+ Dex+7} (You found it on level 8 of the Dungeon)
  9638 | D:8      | Noticed a two-headed ogre
  9643 | D:8      | Killed a two-headed ogre
  9643 | D:8      | Reached ***** piety under Okawaru
  9875 | D:8      | Identified the Grimoire of Unholy Earth
 10450 | D:9      | Reached skill level 10 in Maces & Flails
 11067 | D:9      | Noticed a white ugly thing
 11089 | D:9      | Killed a white ugly thing
 11089 | D:9      | Reached skill level 1 in Invocations
 11710 | D:9      | Gained mutation: You are slightly more attuned to the shadows. [demonic ancestry]
 11710 | D:9      | Reached XP level 11. HP: 47/87 MP: 13/13
 11967 | D:9      | Noticed a two-headed ogre
 11974 | D:9      | Killed a two-headed ogre
 12020 | D:10     | Entered Level 10 of the Dungeon
 12333 | D:10     | Noticed Fingolfin's ghost (journeyman TrHu)
 12348 | D:10     | Received a gift from Okawaru
 12352 | D:10     | Killed Fingolfin's ghost
 12352 | D:10     | Reached skill level 5 in Invocations
 12374 | D:10     | Got a pair of faintly humming boots {god gift}
 12465 | D:10     | Identified the +0 pair of boots of Mezcal {rF+ Str-5 Dex+2} (Okawaru gifted it to you on level 10 of the Dungeon)
 12609 | D:10     | Found a staircase to the Orcish Mines.
 12640 | D:10     | Found a staircase to the Lair.
 13710 | D:11     | Reached skill level 11 in Maces & Flails
 13874 | D:11     | Reached ****** piety under Okawaru
 14527 | D:11     | Noticed a two-headed ogre
 14528 | D:11     | Noticed a six-headed hydra
 14529 | D:11     | Noticed a death knight
 14549 | D:11     | Killed a two-headed ogre
 14557 | D:11     | Killed a six-headed hydra
 14557 | D:11     | Received a gift from Okawaru
 14855 | Lair:1   | Entered Level 1 of the Lair of Beasts
 15051 | Lair:1   | Received a gift from Okawaru
 15051 | Lair:1   | Gained mutation: You are completely covered in large bone plates. (SH +8) [demonic ancestry]
 15051 | Lair:1   | Reached XP level 12. HP: 92/96 MP: 18/18
 16159 | Lair:2   | Noticed a queen ant
 16182 | Lair:2   | Killed a queen ant
 16182 | Lair:2   | Reached skill level 12 in Maces & Flails
 16204 | Lair:2   | Reached skill level 10 in Fighting
 16780 | Lair:2   | Noticed Harold
 16794 | Lair:2   | Killed Harold
 17117 | Lair:2   | Found a staircase to the Swamp.
 17239 | Lair:2   | Noticed a death yak
 17241 | Lair:2   | Noticed a death yak
 17243 | Lair:2   | Noticed a death yak
 17252 | Lair:2   | Killed a death yak
 17276 | Lair:2   | Killed a death yak
 17291 | Lair:2   | Killed a death yak
 17515 | Lair:2   | Noticed Gastronok
 17535 | Lair:2   | Killed Gastronok
 17535 | Lair:2   | Received a gift from Okawaru
 17535 | Lair:2   | Reached skill level 13 in Maces & Flails
 17538 | Lair:2   | Got a pair of ichor-stained gloves {god gift}
 17554 | Lair:2   | Identified the +1 pair of gloves of the Comet {rC++} (Okawaru gifted it to you on level 2 of the Lair of Beasts)
 17766 | Lair:3   | Found a blossoming altar of Fedhas.
 17771 | Lair:3   | Gained mutation: You have sharp toenails. [demonic ancestry]
 17771 | Lair:3   | Reached XP level 13. HP: 98/104 MP: 19/19
 17967 | Lair:3   | Noticed Snorg
 17981 | Lair:3   | Killed Snorg
 18228 | Lair:3   | Reached skill level 10 in Armour
 18317 | Lair:3   | Found a staircase to the Snake Pit.
 19756 | Lair:5   | Found a staircase to the Slime Pits.
 20706 | Lair:5   | Reached skill level 14 in Maces & Flails
 20963 | Lair:6   | Entered Level 6 of the Lair of Beasts
 21422 | Lair:6   | Received a gift from Okawaru
 21923 | Lair:5   | Gained mutation: You have razor-sharp toenails. [demonic ancestry]
 21923 | Lair:5   | Reached XP level 14. HP: 37/114 MP: 8/20
 22973 | Lair:6   | Reached skill level 15 in Maces & Flails
 23648 | Lair:6   | Received a gift from Okawaru
 23948 | Orc:1    | Entered Level 1 of the Orcish Mines
 23973 | Orc:1    | Noticed grizmgrazm2's ghost (adept GrFi)
 24409 | Orc:1    | Killed grizmgrazm2's ghost
 24916 | Orc:2    | Entered Level 2 of the Orcish Mines
 25541 | Orc:2    | Found a staircase to the Elven Halls.
 25837 | Orc:2    | Noticed a stone giant
 25837 | Orc:2    | Found Qeidaa's Magic Scroll Emporium.
 25852 | Orc:2    | Killed a stone giant
 26028 | Orc:2    | Bought a scroll of enchant armour for 97 gold pieces
 26028 | Orc:2    | Bought a scroll of teleportation for 39 gold pieces
 26028 | Orc:2    | Bought a scroll of teleportation for 39 gold pieces
 26033 | Orc:2    | Found Jimiufol's General Store.
 26039 | Orc:2    | Bought 2 potions of curing for 72 gold pieces
 26050 | Orc:2    | Paralysed by an orc sorcerer for 4 turns
 26109 | Orc:2    | Found a roughly hewn altar of Beogh.
 26459 | Orc:2    | Found Sutu's Gadget Shop.
 26554 | Orc:2    | Noticed an orc warlord
 26578 | Orc:2    | Killed an orc warlord
 26578 | Orc:2    | Received a gift from Okawaru
 26644 | Orc:2    | Got a jewelled helmet {god gift}
 26832 | Orc:2    | Identified the -1 helmet of Rauduxku {rPois} (Okawaru gifted it to you on level 2 of the Orcish Mines)
 26878 | Orc:2    | Found a roughly hewn altar of Beogh.
 26999 | Orc:2    | Reached XP level 15. HP: 48/123 MP: 10/21
 27220 | Orc:2    | Bought a lamp of fire for 640 gold pieces
 27240 | Orc:2    | Found Methi's Food Emporium.
 27251 | Orc:2    | Reached skill level 16 in Maces & Flails
 28322 | D:12     | Found a blossoming altar of Fedhas.
 29309 | D:13     | Received a gift from Okawaru
 29866 | D:13     | Received a gift from Okawaru
 29910 | D:13     | Got an ichor-stained troll leather armour {god gift}
 29911 | D:13     | Identified the +2 troll leather armour of Gibreut {rF++ Regen+ Dex+3} (Okawaru gifted it to you on level 13 of the Dungeon)
 30236 | D:14     | Reached skill level 1 in Dodging
 30439 | D:14     | Found a hazy altar of Hepliaklqana.
 30515 | D:14     | Found a gate to the Vaults.
 31030 | D:15     | Entered Level 15 of the Dungeon
 31632 | Swamp:1  | Entered Level 1 of the Swamp
 31649 | Swamp:1  | Reached skill level 17 in Maces & Flails
 32563 | Swamp:1  | Reached XP level 16. HP: 52/132 MP: 9/22
 32591 | Swamp:1  | Received a gift from Okawaru
 33673 | Swamp:2  | Reached skill level 5 in Dodging
 33715 | Swamp:2  | Noticed a thorn hunter
 34916 | Swamp:2  | Killed a thorn hunter
 36549 | Swamp:3  | Received a gift from Okawaru
 36611 | Swamp:3  | Noticed Aizul
 36684 | Swamp:3  | Killed Aizul
 37296 | Swamp:3  | Noticed Louise
 37322 | Swamp:3  | Killed Louise
 37397 | Swamp:4  | Entered Level 4 of the Swamp
 37586 | Swamp:4  | Noticed Donald
 37628 | Swamp:4  | HP: 1/134 [Donald/scimitar of slicing (11)]
 37628 | Swamp:4  | Slain by Donald

Vault maps used:
D:1:      lightli_arrival_chessboard
D:2:      grunt_qazlal_clouds
D:3:      gup_sewer_entry_bowl, uniq_crazy_yiuf_cottage
D:4:      minmay_surrounded, uniq_robin
D:5:      gammafunk_temple_overflow_claw, nicolae_gozag_seed_capital,
          minmay_temple_entry_trees, serial_shops, shop, shop_statue,
          first_ration
D:7:      gammafunk_temple_overflow_pools, serial_shops, kennysheep_mini_moat,
          shop, okawaru_metal_pillars_1_2, uniq_menkaure
D:9:      minmay_weird_star, serial_curves, eino_curves_04, eino_curves_01,
          david_nohive_1, kennysheep_generic_room_13
D:10:     david_lair_shrubbed, orc_0_dummy
D:12:     fedhas_altar_fruit_tree
D:13:     st_stairs_10
D:14:     erik_vaults_2, lemuel_statue_altar
D:15:     gammafunk_depths_entry_grave, hangedman_decor_clover_reticule
Temple:   nicolae_temple_no_exploring_needed
Lair:2:   minmay_swamp_entry_worms, serial_bayou_pond_e, minmay_another_anthill,
          infiniplex_staircase_pool, uniq_harold, uniq_gastronok
Lair:3:   minmay_snake_entry_guardpost_medium, basic_altar,
          serial_bayou_shore_a, uniq_snorg
Lair:4:   grunt_megastairs_5
Lair:5:   nicolae_slime_entry_slimehenge, wad_woods_river_01
Lair:6:   minmay_lair_end_frog_pond
Swamp:1:  hangedman_swamp_diagram
Swamp:2:  nicolae_swamp_fairy_circle, swamp_pool3
Swamp:3:  evilmike_swamp_ruin_house_6, swamp_pool1, st_swamp_mini, uniq_aizul,
          uniq_louise
Swamp:4:  swamp_alternative, nicolae_swamp_dense_foliage, uniq_donald
Orc:2:    pubby_orc_utopia
Sewer:    sewer_fruit_machine

Skill      XL: |  1  2  3  4  5  6  7  8  9 10 11 12 13 14 15 16 |
---------------+-------------------------------------------------+-----
Maces & Flails | 2 3 4 5 7 9 10 11 13 14 15 17 | 17.9
Armour         | 3 4 5 6 7 8 9 11 12 | 12.5
Shields        | 3 4 5 |  5.7
Fighting       | 4 5 6 7 8 9 10 11 13 14 | 14.5
Invocations    | 3 8 9 |  9.0
Dodging        | 4 7 |  7.9

Action                   |  1- 3 |  4- 6 |  7- 9 | 10-12 | 13-15 | 16-18 || total
-------------------------+-------+-------+-------+-------+-------+-------++-------
Melee: Flail             |   199 |   292 |   282 |       |       |       ||   773
       Great mace        |       |       |    57 |     3 |       |       ||    60
       Dire flail        |       |       |       |   706 |  1768 |   646 ||  3120
       Whip              |       |       |       |     2 |       |       ||     2
Invok: Finesse           |       |       |       |     3 |     4 |     7 ||    14
       Heroism           |       |       |       |     2 |     5 |     7 ||    14
Evoke: Wand              |       |       |    10 |    14 |    15 |     1 ||    40
       Phial of floods   |       |       |       |       |       |     2 ||     2
       Fan of gales      |       |       |       |       |       |     1 ||     1
       Lamp of fire      |       |       |       |       |       |     1 ||     1
  Use: Scroll            |     7 |    10 |     4 |     5 |    17 |    13 ||    56
       Potion            |     2 |     2 |       |     5 |    11 |    10 ||    30
 Stab: Confused          |       |       |       |       |     5 |       ||     5
       Distracted        |       |       |       |       |     1 |       ||     1
  Eat: Chunk             |     4 |     4 |     7 |    16 |    29 |     2 ||    62
       Ration            |       |     2 |     2 |     5 |     5 |     5 ||    19
Armor: Scale mail        |   111 |   149 |   124 |   202 |       |       ||   586
       Chain mail        |       |       |       |   116 |   365 |       ||   481
       Plate armour      |       |       |       |       |   457 |   421 ||   878
Dodge: Dodged            |    60 |   113 |    75 |   242 |   338 |   231 ||  1059
Block: Shield            |    93 |   203 |   222 |       |       |       ||   518
       Other             |       |       |    13 |   199 |   529 |   212 ||   953

Table legend:
 A = Spawn XP
 B = Non-spawn XP
 C = Spawn XP percentage of total XP
 D = Spawn monster count
 E = Non-spawn monster count
 F = Spawn count percentage of total count
 G = Total turns spent on level
                    A         B        C        D         E        F      G
               +---------+---------+-------+---------+---------+-------+---------
         Total |       0 |  203695 |   0.0 |       0 |     967 |   0.0 | 37628
               +---------+---------+-------+---------+---------+-------+---------
           D:1 |       0 |      48 |   0.0 |       0 |      31 |   0.0 |  1419
           D:2 |       0 |      41 |   0.0 |       0 |      17 |   0.0 |   628
           D:3 |       0 |     170 |   0.0 |       0 |      22 |   0.0 |  1240
           D:4 |       0 |     763 |   0.0 |       0 |      35 |   0.0 |  1624
           D:5 |       0 |     653 |   0.0 |       0 |      17 |   0.0 |   816
           D:6 |       0 |     772 |   0.0 |       0 |      24 |   0.0 |  1101
           D:7 |       0 |    1531 |   0.0 |       0 |      18 |   0.0 |  1012
           D:8 |       0 |    4459 |   0.0 |       0 |      31 |   0.0 |  1398
           D:9 |       0 |    3493 |   0.0 |       0 |      36 |   0.0 |  1578
          D:10 |       0 |    3309 |   0.0 |       0 |      24 |   0.0 |  2344
          D:11 |       0 |    9945 |   0.0 |       0 |      40 |   0.0 |  1308
          D:12 |       0 |    6046 |   0.0 |       0 |      30 |   0.0 |   914
          D:13 |       0 |   12815 |   0.0 |       0 |      46 |   0.0 |   960
          D:14 |       0 |   14037 |   0.0 |       0 |      35 |   0.0 |  1236
          D:15 |       0 |    1579 |   0.0 |       0 |       4 |   0.0 |    35
        Lair:1 |       0 |    3290 |   0.0 |       0 |      20 |   0.0 |  1222
        Lair:2 |       0 |   13240 |   0.0 |       0 |      54 |   0.0 |  1824
        Lair:3 |       0 |    5335 |   0.0 |       0 |      16 |   0.0 |  1235
        Lair:4 |       0 |    4367 |   0.0 |       0 |      20 |   0.0 |   715
        Lair:5 |       0 |    7800 |   0.0 |       0 |      39 |   0.0 |  1910
        Lair:6 |       0 |   25411 |   0.0 |       0 |      89 |   0.0 |  2315
       Swamp:1 |       0 |   14088 |   0.0 |       0 |      33 |   0.0 |  1975
       Swamp:2 |       0 |   20556 |   0.0 |       0 |      54 |   0.0 |  2185
       Swamp:3 |       0 |   18808 |   0.0 |       0 |      35 |   0.0 |  1655
       Swamp:4 |       0 |    5491 |   0.0 |       0 |      11 |   0.0 |   181
         Orc:1 |       0 |    3617 |   0.0 |       0 |      19 |   0.0 |   748
         Orc:2 |       0 |   21951 |   0.0 |       0 |     143 |   0.0 |  2846
         Sewer |       0 |      80 |   0.0 |       0 |      24 |   0.0 |  1188
               +---------+---------+-------+---------+---------+-------+---------
